 Dungeon Crawl Stone Soup version 0.30-a0-956-gcec3b41aec (webtiles) character file.

Game seed: 13899622812682999252

2359 bande the Chopper (level 9, -7/55 HPs)
             Began as a Gargoyle Fighter on Mar 29, 2023.
             Mangled by Maggie
             ... wielding a +2 broad axe of flaming
              (16 damage)
             ... on level 6 of the Dungeon.
             The game lasted 00:12:17 (6272 turns).

bande the Chopper (Gargoyle Fighter)                Turns: 6272, Time: 00:12:17

Health: -7/55      AC: 18    Str: 21    XL:     9   Next: 44%
Magic:  9/9        EV:  7    Int:  8    God:
Gold:   456        SH:  7    Dex: 13    Spells: 8/8 levels left

rFire   . . .      SeeInvis .    a - +0 war axe
rCold   + . .      Faith    +    r - +2 buckler
rNeg    + . .      Spirit   .    p - +0 chain mail
rPois   ∞          Reflect  .    (no helmet)
rElec   +          Rampage  .    y - +1 cloak
rCorr   .                        (no gloves)
Will    .....                    (no boots) Stlth
                                 g - amulet of faith
HPRegen 0.29/turn                o - ring of protection from cold
MPRegen 0.11/turn                (no ring)

@: mesmerised
A: sickness immunity, AC +6, negative energy resistance 1, electricity
resistance, torment resistance 1, petrification resistance, talons 1, mutation
resistance 1, MP-powered wands
a: no special abilities


You were on level 6 of the Dungeon.
You visited 1 branch of the dungeon, and saw 6 of its levels.
You also visited: Ossuary.

You collected 456 gold pieces.

Inventory:

Hand Weapons
 a - a +0 war axe (weapon)
 b - a +0 flail
Armour
 p - a +0 chain mail (worn)
 r - a +2 buckler (worn)
 y - a +1 cloak (worn)
Jewellery
 g - an amulet of faith (around neck)
 m - an amulet of magic regeneration
 o - a ring of protection from cold (left hand)
Wands
 j - a wand of flame (23)
 v - a wand of polymorph (7)
Scrolls
 d - 2 scrolls of teleportation
 e - a scroll of magic mapping
 i - 2 scrolls of fog
 n - a scroll of enchant armour
 w - a scroll of blinking
Potions
 c - 6 potions of heal wounds
 h - 3 potions of invisibility
 k - 4 potions of curing
 t - a potion of resistance {unknown}
 x - a potion of berserk rage {unknown}
 z - 3 potions of haste
 A - 3 potions of brilliance
 C - a potion of magic {unknown}


   Skills:
 + Level 6.0 Fighting
 + Level 7.7 Axes
 + Level 5.8 Armour
 - Level 0.1 Dodging
 + Level 5.2 Shields
 * Level 4.8 Evocations


You had 8 spell levels left.
You didn't know any spells.
Your spell library contained the following spells:

 Spells                   Type           Power      Damage    Failure   Level
 Poisonous Vapours        Pois/Air       0%         N/A       100%        2
 Ignite Poison            Fire/Tmut/Pois 0%         N/A       100%        3
 Mephitic Cloud           Conj/Pois/Air  0%         N/A       100%        3
 Stone Arrow              Conj/Erth      0%         3d7       100%        3
 Animate Armour           Summ/Erth      0%         N/A       100%        4
 Sticky Flame             Conj/Fire      0%         2d3       100%        4
 Ignition                 Fire           0%         3d3       100%        8
 Lehudib's Crystal Spear  Conj/Erth      0%         10d2      100%        8
 Cigotuvi's Dreadful Rot  Necr/Pois/Air  Unusable   N/A       N/A         2

Dungeon Overview and Level Annotations

Branches:
Dungeon (6/15)            Ossuary (visited)
 Temple: D:4-7

Altars:
Nemelex Xobeh
Uskayaw
Xom
The Shining One

Annotations:
D:6 Maggie


Innate Abilities, Weirdness & Mutations

You are immune to sickness and miasma.
Your stone body is resilient. (AC +6)
You are immune to poison.
You resist negative energy. (rN+)
You are resistant to electric shocks. (rElec)
You are resistant to unholy torment.
You are immune to petrification.
You have sharp toenails.
You are somewhat resistant to further mutation.
You expend magic power (3 MP) to strengthen your wands.


Message History

The scorpion stings you but does no damage.
You closely miss the scorpion.
You claw the scorpion, but do no damage.
The scorpion is moderately wounded.
You hit Maggie but do no damage. Maggie casts a spell at you.
The bolt of fire hits you!!
* * * LOW HITPOINT WARNING * * *
The scorpion stings you but does no damage.
Maggie hits you with a +2 broad axe of flaming.
* * * LOW HITPOINT WARNING * * *
Maggie burns you.
* * * LOW HITPOINT WARNING * * *
You feel much better.
The scorpion stings you but does no damage.
Maggie mumbles some strange words.
Maggie attempts to bespell you!
You are mesmerised by Maggie!
You hit Maggie. You claw Maggie.
Maggie is lightly wounded.
You barely miss the scorpion.
The scorpion stings you but does no damage.
The scorpion barely misses you. Maggie hits you but does no damage.
You hit Maggie.
Maggie is moderately wounded.
You barely miss the scorpion. The scorpion barely misses you.
Maggie casts a spell at you. The bolt of fire hits you!
* * * LOW HITPOINT WARNING * * *
You hit Maggie but do no damage. You claw Maggie.
Maggie is moderately wounded.
You closely miss the scorpion.
The scorpion stings you but does no damage.
Maggie hits you but does no damage. The scorpion stings you.
* * * LOW HITPOINT WARNING * * *
You hit Maggie. You claw Maggie.
Maggie is moderately wounded.
You hit the scorpion.
Maggie hits you with a +2 broad axe of flaming!
You die...

.# .....## .###
.....# #..
...###....... #..
..........### #..
.....##. #..
....###. ..## ...##
#.# ##>..##.. ...#
##..# #@s......
..## #....## ###@[#
..####.##..###....#
.###...# #.....##.#
.....#..##....##
..# #..####....#..#
#..# .###
##..###..# .... .#
##.# ##... ....#
.## ##..# .##.....#
..#####..#####.# .


You could see Maggie (mesmerising) and a scorpion.

Vanquished Creatures
  Menkaure (D:5)
  An ice beast (D:6)
  A black bear (D:5)
  5 phantoms
  An elf zombie (D:5)
  Blork the orc (D:4)
  3 bullfrogs
  A gnoll sergeant (D:6)
  An elf skeleton (D:5)
  4 scorpions
  A wight (Ossuary)
  A howler monkey (D:5)
  Crazy Yiuf (D:3)
  4 centaur zombies (Ossuary)
  3 hounds
  A bullfrog zombie (Ossuary)
  A human zombie (D:5)
  2 orc priests
  5 jellies
  An iguana (D:5)
  4 human skeletons (D:5)
  An orc wizard (D:5)
  An ogre zombie (Ossuary)
  5 adders
  5 gnolls
  An ufetubus (D:4)
  7 adder zombies (Ossuary)
  3 dart slugs
  17 orcs
  20 endoplasms
  5 giant cockroaches
  3 goblins
  6 hobgoblins
  2 jackals (D:1)
  14 kobolds
  3 quokkas (D:1)
  6 ball pythons
  4 bats
  3 frilled lizards
  3 gnoll zombies (Ossuary)
  3 goblin zombies (Ossuary)
  4 hobgoblin zombies (Ossuary)
  2 orc skeletons (D:5)
  5 orc zombies
  2 rats
168 creatures vanquished.

Vanquished Creatures (others)
  12 fungi (D:3)
  7 toadstools (D:3)
19 creatures vanquished.

Grand Total: 187 creatures vanquished

Notes
Turn   | Place    | Note
-------+----------+-------------------------------------------
     0 | D:1      | bande the Gargoyle Fighter began the quest for the Orb.
     0 | D:1      | Reached XP level 1. HP: 14/14 MP: 1/1
    40 | D:1      | Reached XP level 2. HP: 19/19 MP: 2/2
    93 | D:1      | Reached skill level 2 in Axes
   230 | D:1      | Reached XP level 3. HP: 23/24 MP: 3/3
   590 | D:2      | Found the +7 staff of the Meek {protect, meekguard}
   812 | D:2      | Found a shimmering altar of Xom.
  1156 | D:3      | You fall into a shaft and drop 3 floors!
  1164 | D:6      | Noticed a bullfrog
  1171 | D:6      | Reached XP level 4. HP: 11/29 MP: 4/4
  1172 | D:6      | Reached skill level 1 in Evocations
  1175 | D:6      | Reached XP level 5. HP: 6/33 MP: 5/5
  1178 | D:6      | Reached skill level 3 in Axes
  1444 | D:6      | Reached XP level 6. HP: 33/38 MP: 6/6
  1532 | D:5      | Entered Level 5 of the Dungeon
  1650 | D:5      | Reached skill level 4 in Axes
  1687 | D:5      | Found a sand-covered staircase.
  1695 | D:5      | Reached XP level 7. HP: 19/44 MP: 7/7
  1698 | Ossuary  | Entered an ossuary
  1953 | Ossuary  | Reached skill level 5 in Axes
  2197 | Ossuary  | Noticed a silent spectre
  2309 | D:5      | Reached skill level 5 in Fighting
  2309 | D:5      | Reached XP level 8. HP: 49/49 MP: 8/8
  2403 | D:5      | Reached skill level 6 in Axes
  3150 | D:4      | Noticed Blork the orc
  3160 | D:4      | Killed Blork the orc
  3161 | D:4      | Reached skill level 5 in Armour
  3253 | D:4      | Found a hide-covered altar of Uskayaw.
  3756 | D:3      | Found a sparkling altar of Nemelex Xobeh.
  3962 | D:3      | Reached XP level 9. HP: 33/55 MP: 9/9
  4268 | D:3      | Found a runed translucent door.
  4269 | D:3      | Noticed Crazy Yiuf
  4308 | D:3      | Reached skill level 7 in Axes
  4314 | D:3      | Reached skill level 5 in Shields
  4732 | D:3      | Killed Crazy Yiuf
  5596 | D:4      | Gained mutation: You are frail. (-10% HP) [potion of
                  | mutation]
  5596 | D:4      | Gained mutation: Your body sometimes deteriorates upon
                  | taking damage. [potion of mutation]
  5596 | D:4      | Gained mutation: You have hidden genetic potential. [potion
                  | of mutation]
  5597 | D:4      | Lost mutation: You are frail. (-10% HP) [potion of
                  | mutation]
  5597 | D:4      | Lost mutation: Your body sometimes deteriorates upon taking
                  | damage. [potion of mutation]
  5597 | D:4      | Lost mutation: You have hidden genetic potential. [potion
                  | of mutation]
  5597 | D:4      | Gained mutation: You have sharp toenails. [potion of
                  | mutation]
  5597 | D:4      | Gained mutation: You expend magic power (3 MP) to
                  | strengthen your wands. [potion of mutation]
  5597 | D:4      | Gained mutation: You are somewhat resistant to further
                  | mutation. [potion of mutation]
  5636 | D:5      | Found a glowing golden altar of the Shining One.
  5653 | D:5      | Noticed Menkaure
  5657 | D:5      | Killed Menkaure
  6257 | D:6      | Noticed Maggie
  6272 | D:6      | Mangled by Maggie

Illustrated notes

Levels and vault maps discovered:
D:1:      scummos_arrival_forest, layout_rooms
D:2:      layout_basic, basic_altar
D:3:      cheibrodos_fertilizer, layout_basic, mainiacjoe_overflow_brackets,
          uniq_crazy_yiuf_cottage
D:4:      layout_rooms, nicolae_uskayaw_murder_on_the_dancefloor,
          chequers_serial_rivers_micro_e, minmay_joined_circles,
          uniq_blork_the_orc
D:5:      layout_gridville, kennysheep_mini_moat,
          nicolae_ossuary_entry_catacombs, uniq_menkaure
D:6:      layout_layer_cave, minmay_temple_entry_offerings, serial_shops, shop,
          uniq_maggie

Skill      XL: |  1  2  3  4  5  6  7  8  9 |
---------------+----------------------------+-----
Axes           | 2 3 4 5 6 7 |  7.7
Evocations     | 1 2 3 4 |  4.8
Fighting       | 4 5 6 |  6.0
Armour         | 4 5 |  5.8
Shields        | 4 5 |  5.2
Dodging        | |  0.1

Action                     |  1- 3 |  4- 6 |  7- 9 || total
---------------------------+-------+-------+-------++-------
  Melee: War axe           |   109 |    80 |   459 ||   648
         Kick              |       |       |    14 ||    14
    Use: Potion            |       |       |     4 ||     4
         Scroll            |       |       |    18 ||    18
 Armour: Scale mail        |    54 |       |       ||    54
         Chain mail        |    12 |    52 |   325 ||   389
  Dodge: Dodged            |    55 |    31 |   171 ||   257
  Block: Buckler           |    35 |    20 |   162 ||   217

Table legend: (Time is in decaauts)
 A = Elapsed time spent in this place.
 B = Non-inter-level travel time spent in this place.
 C = Inter-level travel time spent in this place.
 D = Time resting spent in this place.
 E = Time spent auto-exploring this place.
 F = Levels seen in this place.
 G = Mean time per level.
                   A        B        C        D        E       F      G
               +--------+--------+--------+--------+--------+-----+--------+
         Total |   6465 |   6116 |    349 |   1013 |   3416 |   7 |  923.6 |
       Dungeon |   5845 |   5496 |    349 |    714 |   3354 |   6 |  974.2 |
       Ossuary |    620 |    620 |      0 |    299 |     62 |   1 |  620.0 |
               +--------+--------+--------+--------+--------+-----+--------+

Top non-repeatable levels by time:
     D:3: 1699 daAuts
     D:5: 1549 daAuts
     D:4: 842 daAuts
     D:2: 710 daAuts
 Ossuary: 620 daAuts
     D:6: 593 daAuts
     D:1: 450 daAuts
